 Dungeon Crawl Stone Soup version 0.29-a0-780-g652cadfb38 (webtiles) character file.

Game seed: 8879166701720393418

6673 Rakan12345 the Spear-Bearer (level 10, -1/88 HPs)
             Began as a Grey Draconian Berserker on July 2, 2022.
             Was a Priest of Trog.
             Killed by the air
             ... invoked by Gastronok
              (12 damage)
             ... on level 9 of the Dungeon.
             The game lasted 00:35:37 (11237 turns).

Rakan12345 the Spear-Bearer (DrBe)                 Turns: 11237, Time: 00:35:39

Health: -1/88      AC: 16    Str: 30    XL:     10   Next: 73%
Magic:  10/10      EV: 17    Int:  7    God:    Trog [***...]
Gold:   583        SH:  0    Dex: 17    Spells: 9/9 levels left

rFire   . . .      SeeInvis .   K - +1 halberd (venom)
rCold   . . .      Faith    .   (shield currently unavailable)
rNeg    . . .      Spirit   .   (body armour unavailable)
rPois   .          Reflect  .   (helmet restricted)
rElec   .          Harm     .   U - +1 cloak
rCorr   .          Rampage  .   O - +0 pair of gloves
Will    ++...                   I - +0 pair of boots
Stlth   +++.......              d - amulet of the acrobat
HPRegen 1.24/turn               i - +6 ring of dexterity
MPRegen 0.12/turn               f - +6 ring of strength

@: strong-willed, regenerating, slowed, very slow
A: AC +12, amphibious, unfitting armour, cold-blooded
a: Renounce Religion, Berserk, Trog's Hand


You were on level 9 of the Dungeon.
You worshipped Trog.
Trog was most pleased with you.
You visited 2 branches of the dungeon, and saw 10 of its levels.

You collected 583 gold pieces.

Inventory:

Hand Weapons
 a - a +0 spear
 n - a +2 flail of pain
 o - a +0 whip of electrocution
 B - a +2 dagger of venom
 C - a +0 dagger
 D - a +0 club
 K - a +1 halberd of venom (weapon)
 M - a +0 whip
 N - a +1 vorpal flail
 W - a +3 great sword
Missiles
 L - 3 throwing nets
Armour
 c - a +0 robe
 g - a +0 buckler
 p - a +3 plate armour
 w - a +0 scale mail
 I - a +0 pair of boots (worn)
 O - a +0 pair of gloves (worn)
 U - a +1 cloak (worn)
Magical Staves
 m - a staff of conjuration
Jewellery
 d - an amulet of the acrobat (around neck)
 f - a +6 ring of strength (right hand)
 i - a +6 ring of dexterity (left hand)
 y - a +4 ring of evasion
 G - a +4 ring of evasion
Wands
 e - a wand of polymorph (7)
 h - a wand of paralysis (14)
 k - a wand of digging (1)
 Q - a wand of light (10)
 S - a wand of mindburst (8)
Scrolls
 u - a scroll of teleportation
 z - 2 scrolls of blinking
 F - 2 scrolls of magic mapping
 H - 3 scrolls of fear
 P - a scroll of silence
 R - a scroll of amnesia
 T - 5 scrolls of identify
 V - a scroll of noise
Potions
 b - a potion of magic {unknown}
 j - a potion of curing {unknown}
 l - 7 potions of degeneration {unknown}
 q - 2 potions of berserk rage {unknown}
 r - a potion of mutation {unknown}
 s - a potion of lignification {unknown}
 t - a potion of might {unknown}
 v - 2 potions of heal wounds
 E - a potion of haste {unknown}


   Skills:
 + Level 8.2 Fighting
 + Level 1.6 Maces & Flails
 + Level 11.2 Polearms
 + Level 8.7 Dodging
 + Level 3.8 Stealth
 + Level 2.8 Shields


You had 9 spell levels left.
You didn't know any spells.
Your spell library contained the following spells:

 Spells                   Type           Power      Damage    Failure   Level
 Apportation              Tloc           0%         N/A       43%         1
 Freeze                   Ice            0%         1d3       43%         1
 Frozen Ramparts          Ice            0%         1d2       80%         3
 Hailstorm                Conj/Ice       0%         3d3       99%         4
 Alistair's Intoxication  Tmut/Pois      0%         N/A       100%        5


Dungeon Overview and Level Annotations

Branches:
Dungeon (9/15)             Temple (1/1) D:7
   Lair: D:8-11         Orc: D:9-12

Altars:
Ashenzari
Cheibriados
Dithmenos
Elyvilon
Fedhas
Gozag
Hepliaklqana
Kikubaaqudgha
Makhleb
Nemelex Xobeh
Okawaru
Qazlal
Sif Muna
Trog
Uskayaw
Yredelemnul
Zin
The Shining One

Shops:
D:1 [   D:6 !

Annotations:
D:9 Gastronok


Innate Abilities, Weirdness & Mutations

Your dull iron-grey scales are very hard. (AC +12)
You are amphibious.
You cannot fit into any form of body armour.
You are cold-blooded and may be slowed by cold attacks.


Message History

There is an open door here.
There is an open door here.
There is an open door here.
There is an open door here.
Gastronok is nearby!
There is a stone staircase leading down here.
You start resting.
Gastronok is nearby!
Gastronok looks at you and mumbles some strange words.
You feel as though you will be slow longer.
You start resting.
Gastronok is nearby!
Gastronok completely misses you.
You puncture Gastronok!
Gastronok is poisoned.
You tail-slap Gastronok, but do no damage.
Gastronok is heavily wounded.
You slash Gastronok!
Gastronok looks as sick as possible!
Gastronok is severely wounded.
Gastronok bites you but does no damage.
You slash Gastronok!
Gastronok looks as sick as possible!
Your tail-slap misses Gastronok.
Gastronok is severely wounded.
Gastronok chants a spell, wobbling all the while.
Gastronok waves his eye-stalks in wide circles.
The air twists around and strikes you!!
* * * LOW HITPOINT WARNING * * *
The quokka completely misses you.
Gastronok waves his eye-stalks in wide circles.
The air twists around and strikes you!
* * * LOW HITPOINT WARNING * * *
The quokka closely misses you. The quokka closely misses you.
Gastronok's eyestalks stretch out, then return to normal size.
Your skin crawls.
You feel strong-willed.
The quokka bites you but does no damage.
The quokka closely misses you.
Gastronok waves his eye-stalks in wide circles.
The air twists around and strikes you!
You die...

#.#..#.'...'.#..#>....#
#.').'###'###'..+w#####
###..#.......#..#...#
#..#.......#..###.###
###+###w###'### #...#
#.##..# *.# ###r# #....##
*,* #.# ##.####
#.#######w#### #..#
#...@r.......#
####.############......).#
.........................#
#################........#
#........# ##.####### #..*
##.# ###########** *.#


You could see Gastronok (very poisoned) and a quokka (summoned).

Vanquished Creatures
  Erolcha (D:9)
  Pikel (D:4)
  Maurice (D:8)
  Joseph (D:7)
  A hornet (D:7)
  A wyvern (D:9)
  5 yaks (D:8)
  An acid dragon (D:9)
  Duvessa (D:7)
  An ice beast (D:7)
  A black bear (D:6)
  An orc warrior (D:6)
  4 sky beasts
  An ogre (D:4)
  4 centaurs
  4 lemures (D:4)
  3 phantoms
  4 bullfrogs
  2 necrophages
  4 scorpions
  5 wights (D:8)
  Dowan (D:7)
  10 killer bees
  6 howler monkeys
  5 hounds
  6 jellies
  An orc priest (D:9)
  A bouda (D:7)
  An iron imp (D:4)
  5 orc wizards
  An iguana (D:5)
  Robin (D:3)
  11 gnolls
  6 adders
  An ufetubus (D:6)
  4 worms
  2 dart slugs
  13 orcs
  9 ball pythons
  4 bats (D:2)
  6 endoplasms
  3 giant cockroaches
  13 goblins
  14 hobgoblins
  5 jackals
  3 quokkas
  A frilled lizard (D:3)
  4 kobolds
  4 rats
188 creatures vanquished.

Vanquished Creatures (others)
  A human (D:5)
  An orc wizard (D:6)
  9 demonic plants (D:3)
  A fungus (D:3)
  A plant (D:3)
  4 withered plants (D:3)
17 creatures vanquished.

Grand Total: 205 creatures vanquished

Notes
Turn   | Place    | Note
-------+----------+-------------------------------------------
     0 | D:1      | Rakan12345 the Draconian Berserker began the quest for the
                  | Orb.
     0 | D:1      | Reached XP level 1. HP: 19/19 MP: 1/1
   153 | D:1      | Found Pifuboet's Antique Armour Shoppe.
   503 | D:1      | Reached XP level 2. HP: 22/26 MP: 2/2
  1164 | D:2      | Reached XP level 3. HP: 30/33 MP: 3/3
  1343 | D:2      | Reached ** piety under Trog
  2697 | D:3      | Reached XP level 4. HP: 40/40 MP: 4/4
  2734 | D:3      | Found an iron altar of Okawaru.
  2734 | D:3      | Found a sparkling altar of Nemelex Xobeh.
  2811 | D:3      | Found a faded altar of an unknown god.
  2859 | D:3      | Reached skill level 4 in Polearms
  2960 | D:3      | Noticed Robin
  3033 | D:3      | Killed Robin
  3090 | D:3      | Found a shimmering blue altar of Sif Muna.
  3670 | D:4      | Found a snail-covered altar of Cheibriados.
  3687 | D:4      | Reached XP level 5. HP: 36/46 MP: 5/5
  3901 | D:4      | Noticed an ogre
  3920 | D:4      | Reached skill level 1 in Stealth
  3924 | D:4      | Killed an ogre
  3925 | D:4      | Reached skill level 5 in Polearms
  3925 | D:4      | Reached skill level 1 in Shields
  3925 | D:4      | Reached XP level 6. HP: 48/52 MP: 6/6
  4312 | D:4      | Found a blossoming altar of Fedhas.
  4500 | D:4      | Found a broken altar of Ashenzari.
  4516 | D:4      | Noticed Pikel
  4558 | D:4      | HP: 2/52 [Pikel/+0 whip of electrocution (9)]
  4655 | D:4      | Killed Pikel
  4656 | D:4      | Reached skill level 6 in Polearms
  4656 | D:4      | Reached skill level 5 in Dodging
  4656 | D:4      | Your scales start taking on a dull iron-grey colour.
  4656 | D:4      | Reached XP level 7. HP: 60/60 MP: 7/7
  4879 | D:5      | Entered Level 5 of the Dungeon
  5057 | D:5      | Reached XP level 8. HP: 32/67 MP: 8/8
  5246 | D:5      | Reached skill level 5 in Fighting
  5736 | D:5      | Identified the +0 ring mail of Noughts and Crosses {Rampage
                  | rElec rPois Dex-5}
  6027 | D:5      | Found an ancient bone altar of Kikubaaqudgha.
  6637 | D:6      | Reached skill level 1 in Maces & Flails
  6640 | D:6      | Reached *** piety under Trog
  6641 | D:6      | Reached skill level 7 in Polearms
  6986 | D:6      | Found Buim's Distillery.
  7479 | D:6      | Found a glowing golden altar of the Shining One.
  7547 | D:6      | Reached skill level 8 in Polearms
  7547 | D:6      | Reached XP level 9. HP: 75/75 MP: 9/9
  8132 | D:7      | Noticed Joseph
  8147 | D:7      | Killed Joseph
  8148 | D:7      | Reached skill level 9 in Polearms
  8368 | D:7      | Found a staircase to the Ecumenical Temple.
  8378 | Temple   | Entered the Ecumenical Temple
  8446 | D:7      | Noticed Duvessa
  8448 | D:7      | Noticed Dowan
  8456 | D:7      | Killed Dowan
  8457 | D:7      | Found a stormy altar of Qazlal.
  8464 | D:7      | Killed Duvessa
  8648 | D:7      | Found a burning altar of Makhleb.
  8967 | D:7      | Found a basalt altar of Yredelemnul.
  9281 | D:8      | Reached XP level 10. HP: 73/86 MP: 10/10
  9286 | D:8      | Reached **** piety under Trog
  9295 | D:8      | Reached skill level 10 in Polearms
  9481 | D:8      | Noticed Maurice
  9534 | D:8      | Killed Maurice
 10492 | D:9      | Noticed Erolcha
 10498 | D:9      | Killed Erolcha
 10499 | D:9      | Reached skill level 11 in Polearms
 10599 | D:9      | Found a white marble altar of Elyvilon.
 10780 | D:9      | Noticed Gastronok
 11237 | D:9      | Killed from afar by Gastronok

Illustrated notes

Levels and vault maps discovered:
D:1:      doesnt_arrival_eight_statues, layout_loops_ring, serial_shops,
          nicolae_shop_statue_plus, nicolae_eternal_life, feat_on_display
D:2:      layout_loops_ring, corexii_shack
D:3:      layout_basic, gammafunk_temple_overflow_statue, lemuel_blue_sif_altar,
          shapermc_ecumenical_altar_gd, minivault_26, uniq_robin
D:4:      layout_cave_pods, lemuel_crystal_altar, slow_altar_1,
          ashenzari_conservatory_becter, uniq_pikel
D:5:      layout_layer_cave, tgw_kikubaaqudgha
D:6:      layout_loops_ring, tso_oasis_becter, serial_shops,
          nicolae_lakefront_shop, amcnicky_mini_rare_corridor_liquid,
          st_stairs_7
D:7:      layout_cave_pods, mainiacjoe_overflow_tiny_flanked,
          mainiacjoe_overflow_catch_the_wave, minmay_temple_entry_stoned_glass,
          uniq_joseph, uniq_duvessa
D:8:      layout_cave_pools, uniq_maurice
D:9:      layout_roguey, mainiacjoe_overflow_24_doors, uniq_gastronok,
          uniq_erolcha
Temple:   compressed_dpeg_triangle_lava_temple

Skill      XL: |  1  2  3  4  5  6  7  8  9 10 |
---------------+-------------------------------+-----
Dodging        | 3 4 5 6 7 8 |  8.7
Polearms       | 4 5 6 8 9 11 | 11.2
Fighting       | 4 6 7 8 |  8.2
Stealth        | 1 2 3 |  3.8
Shields        | 1 2 |  2.8
Maces & Flails | 1 |  1.6

Action                   |  1- 3 |  4- 6 |  7- 9 | 10-12 || total
-------------------------+-------+-------+-------+-------++-------
Melee: Spear             |   156 |   278 |       |       ||   434
       Tailslap          |    26 |    51 |    40 |    23 ||   140
       Punch             |     1 |     2 |       |       ||     3
       Whip              |       |       |    40 |       ||    40
       Halberd           |       |       |   240 |   171 ||   411
Invok: Trog's Hand       |       |     8 |     1 |     6 ||    15
       Berserk           |       |     7 |     2 |     3 ||    12
  Use: Scroll            |     1 |     4 |       |     8 ||    13
       Potion            |       |     1 |     2 |       ||     3
 Stab: Sleeping          |     2 |       |     2 |     1 ||     5
       Invisible         |       |     1 |       |       ||     1
Armor: Skin              |    52 |    49 |   147 |    68 ||   316
Dodge: Dodged            |    99 |   308 |   307 |   210 ||   924
Block: Buckler           |       |    32 |    12 |       ||    44

Table legend: (Time is in decaauts)
 A = Elapsed time spent in this place.
 B = Non-inter-level travel time spent in this place.
 C = Inter-level travel time spent in this place.
 D = Time resting spent in this place.
 E = Time spent auto-exploring this place.
 F = Levels seen in this place.
 G = Mean time per level.
                   A        B        C        D        E       F      G
               +--------+--------+--------+--------+--------+-----+--------+
         Total |  11363 |  11157 |    206 |   1025 |   6966 |  10 | 1136.3 |
       Dungeon |  11309 |  11103 |    206 |   1025 |   6966 |   9 | 1256.6 |
        Temple |     54 |     54 |      0 |      0 |      0 |   1 |   54.0 |
               +--------+--------+--------+--------+--------+-----+--------+

Top non-repeatable levels by time:
     D:5: 1694 daAuts
     D:2: 1571 daAuts
     D:7: 1389 daAuts
     D:4: 1348 daAuts
     D:6: 1269 daAuts
     D:8: 1054 daAuts
     D:9: 1002 daAuts
     D:3: 993 daAuts
     D:1: 987 daAuts
  Temple: 54 daAuts
